Map: 어스름 탑

Players

llllllllllll (Scarlett) - Winner!

  • Race: Zerg Zerg
  • League: Grandmaster

IIIIIlllllll

  • Race: Zerg Zerg
  • League: Grandmaster

VOD

Have the link to the VOD?

Description

Time

  • Played on: April 10, 2016, 3:09 a.m.
  • Length: 9:01
Show
View Real Time Build Order
Export as new Build Order

llllllllllll Zerg - Winner!

Build Orders: 3 Hatch before Pool, Muta Ling Bane 

Get SALT Encoding   

  12  0:01  Drone  
  13  0:09  Drone  
  14  0:18  Overlord  
  14  0:24  Extractor, Drone  
  15  0:36  Drone x2  
  17  0:48  Drone  
  18  0:56  Hatchery  
  17  0:59  Drone  
  18  1:07  Drone  
  19  1:17  Drone  
  20  1:24  Hatchery  
  19  1:29  Drone  
  19  1:32  Extractor  
  19  1:39  Spawning Pool  
  18  1:42  Drone  
  19  2:04  Drone  
  20  2:10  Drone x2  
  20  2:11  Drone  
  23  2:21  Overlord  
  23  2:23  Drone  
  23  2:29  Queen x2  
  26  2:34  Metabolic Boost  
  28  2:37  Queen  
  28  2:40  Zergling x2  
  31  2:45  Drone  
  31  2:46  Drone  
  31  2:48  Zergling x2  
  34  2:51  Drone  
  34  2:54  Drone  
  34  2:55  Drone  
  34  2:58  Drone  
  38  3:00  Drone  
  39  3:07  Baneling Nest  
  39  3:10  Drone  
  39  3:17  Queen  
  39  3:19  Overlord  
  41  3:20  Drone  
  42  3:32  Overlord  
  42  3:38  Zergling x6  
  42  3:39  Zergling x10  
  50  3:46  Overlord  
  50  3:52  Baneling x4  
  46  4:08  Drone  
  46  4:09  Lair, Drone x8  
  53  4:15  Extractor  
  53  4:16  Extractor  
  53  4:17  Extractor, Drone x2  
  53  4:21  Zergling x2  
  53  4:26  Drone x2  
  53  4:29  Drone x3  
  58  4:35  Overlord  
  59  4:45  Drone  
  59  4:48  Drone  
  59  4:49  Overlord, Drone  
  59  4:50  Drone x3  
  64  4:59  Overlord, Drone x2  
  67  5:00  Drone x3  
  69  5:13  Overlord  
  69  5:16  Spire  
  69  5:19  Drone x4  
  69  5:20  Drone x2  
  73  5:22  Extractor x2  
  71  5:34  Drone x8  
  79  5:41  Overseer  
  79  5:46  Zergling x14  
  86  5:57  Zergling x6  
  86  5:58  Zergling x2, Baneling x2  
  90  6:04  Drone  
  90  6:05  Drone x2  
  90  6:06  Drone x3  
  90  6:10  Zergling x4  
  98  6:15  Hatchery  
  98  6:17  Overlord x4  
  97  6:20  Overlord  
  97  6:21  Overlord  
  97  6:34  Centrifical Hooks  
  97  6:35  Mutalisk  
  97  6:36  Roach Warren, Mutalisk x7  
  112  6:41  Mutalisk x2  
  112  6:46  Mutalisk  
  112  6:47  Mutalisk  
  116  6:51  Mutalisk  
  116  6:52  Overlord  
  116  6:53  Overlord  
  122  6:56  Mutalisk  
  124  7:01  Overlord, Zerg Flyer Weapons Level 1  
  124  7:02  Overlord x2  
  124  7:03  Overlord  
  124  7:06  Zergling x2  
  124  7:07  Zergling x2  
  126  7:09  Baneling x5  
  126  7:14  Zergling x8  
  130  7:15  Glial Reconstitution  
  130  7:20  Zergling x2  
  130  7:21  Zergling x6  
  134  7:27  Roach x2  
  134  7:28  Roach  
  134  7:43  Roach x9  
  128  7:47  Roach x3  
  128  7:50  Roach  
  129  8:03  Roach x5  
  136  8:08  Roach x4  
  148  8:12  Roach  
  148  8:13  Roach  
  148  8:15  Roach x2  
  148  8:16  Baneling x11  
  152  8:24  Roach  
  152  8:25  Roach x4  
  162  8:29  Baneling  
  162  8:30  Baneling x3  
  162  8:32  Roach  
  162  8:33  Zergling x16  
Show
View Real Time Build Order
Export as new Build Order

IIIIIlllllll Zerg 

Build Orders: Hatch First 

Get SALT Encoding   

  12  0:00  Drone  
  13  0:12  Overlord  
  13  0:17  Drone  
  14  0:31  Drone x2  
  14  0:35  Drone  
  17  0:52  Hatchery  
  17  0:55  Drone  
  17  0:58  Drone  
  18  1:09  Extractor  
  17  1:13  Spawning Pool  
  17  1:15  Drone  
  17  1:19  Drone  
  18  1:28  Drone  
  19  1:41  Overlord  
  19  1:52  Drone  
  20  1:59  Queen, Zergling x2  
  23  2:03  Queen  
  23  2:04  Drone  
  26  2:10  Metabolic Boost, Drone  
  27  2:19  Drone  
  27  2:22  Drone  
  29  2:30  Baneling Nest  
  29  2:31  Drone  
  29  2:37  Drone x2  
  29  2:44  Drone  
  32  2:49  Hatchery  
  31  2:52  Drone  
  31  2:55  Overlord  
  32  3:01  Drone  
  33  3:12  Zergling x6  
  36  3:14  Zergling x8  
  36  3:16  Zergling x2  
  41  3:21  Baneling  
  41  3:24  Baneling  
  41  3:25  Overlord, Drone  
  42  3:33  Drone  
  43  3:37  Drone  
  44  3:43  Queen  
  44  3:44  Drone  
  44  3:45  Drone x2  
  44  3:46  Drone  
  44  3:47  Drone  
  51  3:50  Overlord  
  51  3:56  Drone  
  51  4:06  Drone  
  51  4:07  Drone x3  
  51  4:08  Extractor  
  52  4:10  Roach Warren  
  52  4:14  Baneling x2  
  52  4:15  Drone x3  
  52  4:16  Drone  
  55  4:21  Lair  
  55  4:24  Drone  
  55  4:26  Drone  
  55  4:28  Drone x2  
  55  4:29  Extractor  
  55  4:30  Drone  
  59  4:32  Drone  
  59  4:33  Drone  
  59  4:36  Overlord  
  61  4:39  Overlord  
  61  4:47  Drone x4  
  61  4:52  Drone  
  65  4:53  Overlord x2  
  65  4:55  Extractor  
  65  4:59  Drone x3  
  67  5:01  Drone x2  
  67  5:02  Drone x2  
  67  5:03  Baneling  
  67  5:06  Evolution Chamber  
  70  5:11  Zergling x2  
  70  5:12  Zergling x4  
  70  5:15  Drone  
  70  5:16  Zergling x2  
  70  5:18  Zergling x4  
  70  5:19  Zergling x4  
  76  5:22  Overseer  
  76  5:23  Overlord, Infestation Pit  
  76  5:28  Overlord x2  
  75  5:32  Zerg Ground Armor Level 1, Extractor  
  75  5:33  Extractor  
  75  5:34  Drone  
  74  5:37  Drone x3  
  74  5:38  Evolution Chamber  
  74  5:42  Drone x2  
  78  5:45  Drone  
  78  5:46  Drone  
  80  5:53  Overlord  
  80  5:54  Overlord  
  80  6:01  Queen x2  
  86  6:05  Drone x3  
  86  6:07  Pathogen Glands  
  86  6:09  Hive, Zerg Melee Weapons Level 1  
  87  6:17  Drone x3  
  90  6:23  Drone  
  91  6:27  Spore Crawler  
  91  6:29  Spore Crawler, Drone x2  
  91  6:30  Spore Crawler  
  91  6:31  Spore Crawler  
  91  6:32  Spore Crawler  
  88  6:33  Drone  
  88  6:34  Spore Crawler  
  88  6:35  Spore Crawler, Zergling x4  
  88  6:36  Zergling x8  
  93  6:40  Queen  
  93  6:42  Queen  
  97  6:52  Infestor x4  
  97  6:53  Infestor  
  107  7:02  Spine Crawler, Drone x2  
  107  7:03  Spine Crawler x2  
  106  7:12  Drone  
  106  7:13  Overlord, Drone  
  108  7:18  Queen  
  109  7:24  Ultralisk Cavern  
  109  7:28  Adrenal Glands, Viper, Drone x2  
  79  7:45  Drone x4  
  79  7:46  Drone x10  
  93  7:53  Zergling x8  
  98  7:58  Zergling x4  
  95  8:05  Queen  
  95  8:06  Queen  
  95  8:07  Queen  
  101  8:15  Zergling x2  
  101  8:16  Zergling x6  
  105  8:24  Zergling x10  
  110  8:28  Zergling x4  
  110  8:34  Spine Crawler  
Tags
 
Add a new tag
Caveats
  • Supply blocks, unpowered buildings, or Contaminate may cause inaccurate times.
  • Supply counts are checked every 10 seconds.